 Dungeon Crawl Stone Soup version 0.28-a0-779-g3d1f99b579 (webtiles) character file.

Game seed: 1256646781502490123

16090 ytrimaz the Warrior (level 12, -17/125 HPs)
             Began as a Minotaur Fighter on Nov 3, 2021.
             Was a Believer of Yredelemnul.
             Killed from afar by a gargoyle (20 damage)
             ... with a stone arrow
             ... on level 12 of the Dungeon.
             The game lasted 00:19:37 (18702 turns).

ytrimaz the Warrior (Minotaur Fighter)             Turns: 18702, Time: 00:19:38

Health: -17/125    AC: 14    Str: 30    XL:     12   Next: 7%
Magic:  15/15      EV: 13    Int:  5    God:    Yredelemnul [**....]
Gold:   676        SH:  6    Dex: 15    Spells: 11/11 levels left

rFire   + . .      SeeInvis .   j - +2 dagger (venom)
rCold   + . .      Faith    +   B - +1 buckler of Boarasm {rElec}
rNeg    . . .      Spirit   .   J - +2 chain mail of Ashenzari's Whim {Drain rF+ Str+4 Dex+5}
rPois   +          Reflect  .   (helmet restricted)
rElec   +          Harm     .   w - scarf {shadows}
rCorr   .          Rampage  .   (no gloves)
Will    .....                   (no boots)
Stlth   ..........              n - amulet "Guys" {Faith Fly rPois}
HPRegen 0.30/turn               o - ring of protection from cold
MPRegen 0.14/turn               G - +4 ring of evasion

@: about to teleport, flying
A: horns 2, retaliatory headbutt
a: Renounce Religion, Animate Remains, Recall Undead Slaves, Injury Mirror


You were on level 12 of the Dungeon.
You worshipped Yredelemnul.
Yredelemnul was pleased with you.
You visited 2 branches of the dungeon, and saw 13 of its levels.

You collected 1755 gold pieces.
You spent 1079 gold pieces at shops.

Inventory:

Hand Weapons
 a - a +0 war axe
 j - a +2 dagger of venom (weapon)
Armour
 w - a scarf of shadows (worn)
 B - the +1 buckler of Boarasm (worn) {rElec}
   (You bought it in a shop on level 4 of the Dungeon)

   rElec:     It insulates you from electricity.
 E - a +0 cloak
 J - the +2 chain mail of Ashenzari's Whim (worn) {Drain rF+ Str+4 Dex+5}
   (You bought it in a shop on level 4 of the Dungeon)

   Str:       It affects your strength (+4).
   Dex:       It affects your dexterity (+5).
   rF:        It protects you from fire.
   Drain:     It drains your maximum health when unequipped.
Jewellery
 e - a ring of poison resistance
 k - a ring of ice
 n - the amulet "Guys" (around neck) {Faith Fly rPois}
   (You acquired it on level 3 of the Dungeon)

   [amulet of faith]

   It allows you to gain divine favour quickly.
   rPois:     It protects you from poison.
   Fly:       It grants you flight.
 o - a ring of protection from cold (left hand)
 G - a +4 ring of evasion (right hand)
Wands
 l - a wand of flame (16)
 t - a wand of acid (4)
 y - a wand of mindburst (7) (quivered)
 C - a wand of iceblast (6)
Scrolls
 b - a scroll of identify
 d - a scroll of enchant armour
 i - 2 scrolls of fog
 r - a scroll of silence
 u - 4 scrolls of teleportation
Potions
 c - a potion of resistance
 g - 3 potions of brilliance
 h - 3 potions of heal wounds {unknown}
 p - 3 potions of lignification
 s - 2 potions of attraction {unknown}
 z - a potion of mutation {unknown}
 D - 2 potions of haste {unknown}


   Skills:
 + Level 17.0 Fighting
 * Level 8.9 Short Blades
 - Level 3.6 Axes
 * Level 11.4 Armour
 - Level 4.0 Shields
 * Level 5.7 Invocations


You had 11 spell levels left.
You didn't know any spells.
Your spell library contained the following spells:

 Spells                   Type           Power      Damage    Failure   Level
 Animate Skeleton         Necr           0%         N/A       89%         1
 Apportation              Tloc           0%         N/A       89%         1
 Foxfire                  Conj/Fire      0%         2x1d4     89%         1
 Magic Dart               Conj           0%         1d3       89%         1
 Summon Small Mammal      Summ           0%         N/A       89%         1
 Call Imp                 Summ           0%         N/A       96%         2
 Searing Ray              Conj           0%         2d4       96%         2
 Conjure Flame            Conj/Fire      0%         6-21      99%         3
 Ignite Poison            Fire/Tmut/Pois 0%         N/A       99%         3
 Inner Flame              Hex/Fire       0%         N/A       99%         3
 Mephitic Cloud           Conj/Pois/Air  0%         N/A       99%         3
 Ozocubu's Armour         Ice            0%         N/A       99%         3
 Airstrike                Air            0%         N/A       100%        4
 Flame Wave               Conj/Fire      0%         3d3       100%        4
 Fulminant Prism          Conj/Hex       0%         3d6       100%        4
 Summon Lightning Spire   Summ/Air       0%         N/A       100%        4
 Blade Hands              Tmut           0%         N/A       100%        5
 Fireball                 Conj/Fire      0%         3d3       100%        5
 Freezing Cloud           Conj/Ice/Air   0%         6-21      100%        5
 Irradiate                Conj/Tmut      0%         3d13      100%        5
 Lightning Bolt           Conj/Air       0%         1d11      100%        5
 Metabolic Englaciation   Hex/Ice        0%         N/A       100%        5
 Simulacrum               Ice/Necr       0%         N/A       100%        6
 Starburst                Conj/Fire      0%         6d3       100%        6
 Dragon Form              Tmut           0%         N/A       100%        7
 Ignition                 Fire           0%         3d3       100%        8


Dungeon Overview and Level Annotations

Branches:
Dungeon (12/15)            Temple (1/1) D:7            Lair (0/6) D:11
    Orc (0/2) D:11

Altars:
Ashenzari
Cheibriados
Dithmenos
Elyvilon
Fedhas
Gozag
Hepliaklqana
Kikubaaqudgha
Makhleb
Nemelex Xobeh
Okawaru
Qazlal
Ru
Sif Muna
Trog
Uskayaw
Vehumet
Wu Jian
Xom
Yredelemnul
Zin
The Shining One

Shops:
D:2 (   D:4 [   D:7 *

Annotations:
D:9 3 runed translucent doors, pdpol's ghost, novice HOAK


Innate Abilities, Weirdness & Mutations

You have a pair of horns on your head.
You reflexively headbutt those who attack you in melee.


Message History

The gargoyle hits you with a +0 mace!
* * * LOW HITPOINT WARNING * * *
You hit the skeletal warrior but do no damage.
Your headbutt misses the skeletal warrior.
The skeletal warrior is almost destroyed.
You hit the skeletal warrior but do no damage.
You headbutt the skeletal warrior.
The skeletal warrior is almost destroyed.
The skeletal warrior hits you with a +0 war axe!
* * * LOW HITPOINT WARNING * * *
The gargoyle hurls a stone arrow at you.
The stone arrow misses you.
You hit the skeletal warrior but do no damage.
Your headbutt misses the skeletal warrior.
The skeletal warrior is almost destroyed.
Unknown command.
You hit the skeletal warrior but do no damage.
You headbutt the skeletal warrior!
You destroy the skeletal warrior!
Yredelemnul accepts your kill.
The gargoyle hits you but does no damage.
A skeletal warrior comes into view. It is wielding a +0 long sword.
The gargoyle hits you but does no damage.
You see here a +0 war axe.
Unknown command.
You fail to use your ability.
The gargoyle hurls a stone arrow at you.
The stone arrow hits you.
* * * LOW HITPOINT WARNING * * *
Unknown command.
The gargoyle barely misses you. The gargoyle hits you with a +0 mace!
* * * LOW HITPOINT WARNING * * *
Okay, then.
As you read the scroll of teleportation, it crumbles to dust.
You feel strangely unstable.
The gargoyle hurls a stone arrow at you.
The stone arrow hits you!!
You die...
Your body rises from the dead as a mindless zombie.

.. # # ... #.##. ....
....#####.!.. #.
..........
####.###9....... ###
.......@.)...... #..
#####.##.z..... ..
#.##....... #
#########.....#.... #
#........####.#.)..
#######....Z...# ..
...
..ZZZZ.........#####..
##
...####...............
....# #........#######


You could see a skeletal warrior and a gargoyle.

Vanquished Creatures
  Josephine (D:11)
  Erolcha (D:12)
  A death knight (D:11)
  2 skeletal warriors
  Pikel (D:9)
  An ugly thing (D:12)
  5 cyclopes
  A komodo dragon (D:12)
  A freezing wraith (D:11)
  2 trolls
  2 wyverns
  7 wraiths
  17 yaks
  2 steam dragons
  4 water moccasins (D:11)
  An ice beast (D:6)
  6 orc warriors
  A sky beast (D:6)
  2 necrophages (D:4)
  3 black bears (D:11)
  An ogre (D:5)
  8 centaurs
  A lemure (D:9)
  A phantom (D:6)
  5 bullfrogs
  2 gnoll sergeants
  3 scorpions
  A water moccasin zombie (D:6)
  A water moccasin skeleton (D:6)
  3 wights (D:10)
  11 killer bees
  A howler monkey (D:5)
  4 centaur zombies
  A bullfrog zombie (D:6)
  A jelly (D:7)
  A gnoll shaman (D:8)
  2 centaur skeletons
  7 orc priests
  4 hounds
  A bullfrog skeleton (D:4)
  2 iguanas (D:5)
  14 orc wizards
  A killer bee zombie (D:9)
  A howler monkey zombie (D:9)
  5 adders
  11 gnolls
  A white imp (D:8)
  4 worms
  4 dart slugs
  38 orcs
  5 ball pythons
  8 endoplasms
  2 giant cockroaches
  18 goblins
  3 hobgoblins
  2 jackals
  15 kobolds
  7 quokkas
  4 bats
  2 frilled lizards
  8 rats
275 creatures vanquished.

Vanquished Creatures (collateral kills)
  A wraith (D:11)
  An orc wizard (D:10)
  3 orcs
5 creatures vanquished.

Vanquished Creatures (others)
  An orc wizard (D:12)
  An ugly thing zombie (D:12)
  A bullfrog zombie (D:11)
  4 yak zombies (D:11)
  4 water moccasin zombies (D:11)
  A scorpion zombie (D:11)
  A cyclops zombie (D:11)
  A black bear zombie (D:11)
  An ogre zombie (D:12)
  A gnoll zombie (D:12)
  4 orc zombies
  27 fungi (D:11)
  33 plants (D:11)
80 creatures vanquished.

Grand Total: 360 creatures vanquished

Notes
Turn   | Place    | Note
-------+----------+-------------------------------------------
     0 | D:1      | ytrimaz the Minotaur Fighter began the quest for the Orb.
     0 | D:1      | Reached XP level 1. HP: 19/19 MP: 0/0
   240 | D:1      | Reached XP level 2. HP: 19/27 MP: 1/1
   241 | D:1      | Reached skill level 4 in Fighting
   807 | D:1      | Reached XP level 3. HP: 33/33 MP: 2/2
  1537 | D:2      | Found Reptenan's Antique Weapon Emporium.
  1944 | D:2      | Found a faded altar of an unknown god.
  2249 | D:3      | Reached skill level 5 in Fighting
  2249 | D:3      | Reached XP level 4. HP: 40/42 MP: 3/3
  2574 | D:3      | Identified a scroll of acquirement
  2574 | D:3      | Acquired the amulet "Guys" {Faith Fly rPois}
  3299 | D:4      | Found Sejairanlu's Antique Armour Emporium.
  3570 | D:3      | Reached skill level 6 in Fighting
  3570 | D:3      | Reached XP level 5. HP: 39/50 MP: 4/4
  4083 | D:4      | Reached skill level 7 in Fighting
  4431 | D:4      | Reached XP level 6. HP: 56/60 MP: 5/5
  5088 | D:4      | Reached skill level 8 in Fighting
  5169 | D:5      | Entered Level 5 of the Dungeon
  5541 | D:4      | Reached skill level 9 in Fighting
  5543 | D:4      | Reached XP level 7. HP: 63/70 MP: 6/6
  5868 | D:5      | You are sucked into a shaft and drop 3 floors!
  5885 | D:8      | Reached skill level 10 in Fighting
  5894 | D:8      | Noticed a wyvern
  5905 | D:8      | Killed a wyvern
  6118 | D:8      | Reached skill level 11 in Fighting
  6438 | D:6      | Reached XP level 8. HP: 75/82 MP: 7/7
  6822 | D:6      | Reached skill level 12 in Fighting
  6926 | D:6      | Found a shimmering altar of Xom.
  7107 | D:5      | You are sucked into a shaft and drop 3 floors!
  7759 | D:5      | Reached skill level 13 in Fighting
  8394 | D:5      | Reached XP level 9. HP: 43/94 MP: 8/8
  8413 | D:5      | Reached skill level 14 in Fighting
  9343 | D:7      | Found a staircase to the Ecumenical Temple.
  9367 | Temple   | Entered the Ecumenical Temple
  9542 | Temple   | Became a worshipper of Yredelemnul the Dark
 10142 | D:7      | Found Subrer's Assorted Antiques.
 10208 | D:7      | Acquired 1065 gold pieces
 10273 | D:4      | Bought a jewelled leather armour for 189 gold pieces
 10273 | D:4      | Identified the +0 leather armour of the Ward {Will- Int+7}
                  | (You bought it in a shop on level 4 of the Dungeon)
 10273 | D:4      | Bought a dazzling buckler for 256 gold pieces
 10273 | D:4      | Identified the +1 buckler of Boarasm {rElec} (You bought it
                  | in a shop on level 4 of the Dungeon)
 10273 | D:4      | Bought a buzzing leather armour for 189 gold pieces
 10273 | D:4      | Identified the +1 leather armour of Lugonu's Vengeance
                  | {Fly} (You bought it in a shop on level 4 of the Dungeon)
 10273 | D:4      | Bought an ichor-stained leather armour for 189 gold pieces
 10273 | D:4      | Identified the +1 leather armour "Nuat Giyc" {*Slow rF+++
                  | rC- Str+4} (You bought it in a shop on level 4 of the
                  | Dungeon)
 10273 | D:4      | Bought a bloodstained chain mail for 256 gold pieces
 10273 | D:4      | Identified the +2 chain mail of Ashenzari's Whim {Drain rF+
                  | Str+4 Dex+5} (You bought it in a shop on level 4 of the
                  | Dungeon)
 10910 | D:8      | Reached skill level 15 in Fighting
 11628 | D:9      | Reached skill level 1 in Short Blades
 11756 | D:9      | Found an iron altar of Okawaru.
 11835 | D:9      | Reached skill level 16 in Fighting
 11849 | D:9      | Found a stormy altar of Qazlal.
 11860 | D:9      | Found a broken altar of Ashenzari.
 11861 | D:9      | Found an opulent altar of Gozag.
 11862 | D:9      | Found a shadowy altar of Dithmenos.
 11862 | D:9      | Found a blossoming altar of Fedhas.
 11862 | D:9      | Found a glowing silver altar of Zin.
 11862 | D:9      | Found a white marble altar of Elyvilon.
 11864 | D:9      | Found a sparkling altar of Nemelex Xobeh.
 11865 | D:9      | Found an ancient bone altar of Kikubaaqudgha.
 11951 | D:9      | Reached skill level 1 in Invocations
 11959 | D:9      | Noticed Pikel
 11993 | D:9      | Killed Pikel
 11993 | D:9      | Reached * piety under Yredelemnul
 11994 | D:9      | Reached skill level 5 in Armour
 11994 | D:9      | Reached XP level 10. HP: 68/107 MP: 8/10
 12447 | D:9      | Found a runed translucent gate.
 12447 | D:9      | Found a runed translucent gate.
 12448 | D:9      | Found a runed translucent gate.
 12451 | D:9      | Noticed pdpol's ghost (novice HOAK)
 12581 | D:9      | Noticed a cyclops
 12592 | D:9      | Killed a cyclops
 13189 | D:10     | Entered Level 10 of the Dungeon
 13244 | D:10     | Reached skill level 5 in Short Blades
 13698 | D:10     | Reached ** piety under Yredelemnul
 14764 | D:11     | Reached XP level 11. HP: 74/116 MP: 12/12
 14985 | D:11     | Found a staircase to the Lair.
 15082 | D:11     | Found a staircase to the Orcish Mines.
 15092 | D:11     | Noticed Josephine
 15102 | D:11     | Killed Josephine
 16161 | D:11     | Noticed a death knight
 16169 | D:11     | Noticed a skeletal warrior
 16184 | D:11     | Killed a death knight
 17147 | D:11     | Reached skill level 5 in Invocations
 17267 | D:11     | Reached skill level 10 in Armour
 17312 | D:11     | Killed a skeletal warrior
 17569 | D:12     | Reached skill level 17 in Fighting
 17977 | D:12     | Noticed a white ugly thing
 17989 | D:12     | Killed a white ugly thing
 18243 | D:12     | Noticed Erolcha
 18263 | D:12     | Killed Erolcha
 18264 | D:12     | Reached XP level 12. HP: 21/125 MP: 15/15
 18681 | D:12     | Your ally Erolcha died
 18701 | D:12     | HP: 3/125 [gargoyle (13)]
 18702 | D:12     | Killed from afar by a gargoyle

Illustrated notes

Levels and vault maps discovered:
D:1:      lightli_arrival_chessboard, layout_basic
D:2:      layout_loops_cross, dreamdust_ecumenical_altar_statues, serial_shops,
          nicolae_lakefront_shop
D:3:      layout_loops_ring
D:4:      layout_basic, serial_shops, nicolae_stop_n_shop_1
D:5:      minmay_angry_zag, layout_loops_ring
D:6:      layout_loops_ring, lemuel_crystal_altar
D:7:      layout_basic, minmay_temple_entry_enclosed_plants, serial_shops, shop
D:8:      layout_cave_pods
D:9:      layout_loops_ring, mainiacjoe_overflow_alcove_2, minitemple,
          gammafunk_ghost_necromancy, hangedman_corner_corridor, uniq_pikel
D:10:     layout_layer_cave, minmay_misc_feat_tower
D:11:     layout_loops_corners, due_lair_maze_entry_diamond, orc_0_dummy,
          enter_bailey_3, kennysheep_generic_room_8, uniq_josephine
D:12:     layout_rooms, uniq_erolcha
Temple:   jpeg_temple_clearing

Skill      XL: |  1  2  3  4  5  6  7  8  9 10 11 |
---------------+----------------------------------+-----
Shields        | 4 |  4.0
Fighting       | 4 5 6 7 9 11 13 16 17 | 17.0
Axes           | 3 |  3.6
Armour         | 5 8 11 | 11.4
Short Blades   | 2 6 8 |  8.9
Invocations    | 1 3 5 |  5.7

Action                   |  1- 3 |  4- 6 |  7- 9 | 10-12 || total
-------------------------+-------+-------+-------+-------++-------
Melee: War axe           |    49 |       |       |       ||    49
       Headbutt          |     9 |    37 |    96 |   200 ||   342
       Dagger            |    34 |   164 |   357 |   549 ||  1104
Invok: Animate Remains   |       |       |       |    26 ||    26
       Injury Mirror     |       |       |       |     3 ||     3
       Recall Undead Sla |       |       |       |     1 ||     1
Evoke: Wand              |       |       |       |     1 ||     1
  Use: Scroll            |       |     2 |    12 |     5 ||    19
       Potion            |       |       |       |     7 ||     7
 Stab: Distracted        |       |       |       |     2 ||     2
Armor: Scale mail        |    30 |    68 |    76 |       ||   174
       Chain mail        |       |       |    73 |   145 ||   218
Dodge: Dodged            |    39 |    79 |   174 |   180 ||   472
Block: Buckler           |    12 |    43 |    90 |   102 ||   247

Table legend: (Time is in decaauts)
 A = Elapsed time spent in this place.
 B = Non-inter-level travel time spent in this place.
 C = Inter-level travel time spent in this place.
 D = Time resting spent in this place.
 E = Time spent auto-exploring this place.
 F = Levels seen in this place.
 G = Mean time per level.
                   A        B        C        D        E       F      G
               +--------+--------+--------+--------+--------+-----+--------+
         Total |  18618 |  18011 |    607 |   3600 |  11995 |  13 | 1432.2 |
       Dungeon |  18427 |  17834 |    593 |   3600 |  11839 |  12 | 1535.6 |
        Temple |    190 |    176 |     14 |      0 |    156 |   1 |  190.0 |
               +--------+--------+--------+--------+--------+-----+--------+

Top non-repeatable levels by time:
    D:11: 2805 daAuts
     D:8: 1834 daAuts
     D:3: 1773 daAuts
     D:4: 1771 daAuts
     D:9: 1667 daAuts
     D:5: 1626 daAuts
    D:10: 1473 daAuts
     D:1: 1238 daAuts
    D:12: 1126 daAuts
     D:6: 1114 daAuts
     D:7: 1045 daAuts
     D:2: 951 daAuts
  Temple: 190 daAuts
